AoeStats
← GENTILLESSE

Nomad

508450567Analyzed
4v4 RM · 8d ago on Sep 22, 2026· 27m 51s· 8 players
Game mode
Random Map
Map size
231×231
Population
200
Speed
Normal
Resources
Standard
Victory
Conquest
Starting age
Dark Age
Ending age
Imperial Age
RankedLock teamsTeams togetherTeam positionsShared explorationLock speedFull tech treeHidden civsTurbo modeCheats
Victory
Defeat
🇸🇪 Cumans · Sweden
1027
+14
🇹🇷 Portuguese · Türkiye
1009
+15
🇧🇷 Huns · Brazil
994
+15
🇺🇸 Armenians · United States
973
+16
🇮🇳 Turks · India
1005
-16
🇫🇷 Berbers · France
994
-16
🇨🇦 Romans · Canada
959
-14
🇫🇷 Lithuanians · France
950
-14
Six
5:49 Loom
14:38 Feudal Age
20:49 Castle Age
21:48 Double-Bit Axe
22:45 Bow Saw
24:01 Fishing Lines
25:34 Horse Collar
27:33 Heavy Plow
27:54 Gold Mining
moisttoilet
3:16 Loom
13:50 Feudal Age
14:20 Town Watch
14:29 Double-Bit Axe
15:50 Horse Collar
17:37 Man-at-Arms
18:05 Arson
21:12 Long Swordsman
22:32 Scale Mail Armor
28:18 Castle Age
27:46 Forging
serqu
7:20 Loom
10:49 Loom
11:56 Loom
15:58 Feudal Age
19:56 Castle Age
20:32 Horse Collar
20:41 Double-Bit Axe
Goatbutt
11:20 Loom
14:05 Feudal Age
15:01 Double-Bit Axe
15:23 Horse Collar
24:41 Castle Age
23:42 Wheelbarrow
23:34 Town Watch
24:44 Bloodlines
24:43 Scale Barding Armor
24:48 Forging
26:19 Bow Saw
26:28 Heavy Plow
28:10 Chain Barding Armor
28:25 Iron Casting
Rage of Khorne
4:48 Loom
15:01 Feudal Age
15:42 Double-Bit Axe
15:20 Man-at-Arms
18:42 Scale Mail Armor
20:53 Wheelbarrow
20:13 Horse Collar
21:25 Forging
GENTILLESSE
14:54 Loom
16:41 Feudal Age
21:51 Gold Mining
25:20 Castle Age
IsidoreDucasse
10:39 Loom
13:33 Feudal Age
15:12 Wheelbarrow
17:44 Horse Collar
18:47 Fishing Lines
20:27 Gold Mining
Capt. Abisto
6:18 Loom
18:17 Feudal Age
19:16 Fishing Lines
21:32 Double-Bit Axe
21:41 Gold Mining
26:14 Castle Age
Connection lost

Rejoining the realm…

Still unreachable

The connection could not be restored.

Session expired

The server has moved on; the page needs a fresh start.